 Dungeon Sprint DCSS version 0.23-a0-143-g1adec7b (webtiles) character file.

338 Fang the Fighter (level 6, -2/47 HPs)
             Began as a Gargoyle Berserker on Sept 5, 2018.
             Was an Elder of Trog.
             Slain by a water moccasin (6 damage)
             ... in the Dungeon (Sprint IX: "|||||||||||||||||||||||||||||").
             The game lasted 00:00:43 (417 turns).

Fang the Fighter (Gargoyle Berserker)                Turns: 417, Time: 00:00:43

Health: -2/47      AC:  6    Str: 28    XL:     6   Next: 55%
Magic:  6/6        EV: 13    Int:  8    God:    Trog [****..]
Gold:   0          SH:  0    Dex:  9    Spells: 5/5 levels left

rFire    . . .     SeeInvis .   m - +3 war axe (freeze)
rCold    . . .     Gourm    .   (no shield)
rNeg     + . .     Faith    .   b - +0 animal skin
rPois    ∞         Spirit   .   (no helmet)
rElec    +         Reflect  .   (no cloak)
rCorr    .         Harm     .   (no gloves)
MR       .....     NoTele   +   (no boots)
Stlth    +.........             (no amulet)
HPRegen  0.15/turn              n - +3 ring of strength
MPRegen  0.10/turn              o - +3 ring of strength

@: berserk cooldown, slowed, very slow
A: negative energy resistance 1, electricity resistance, unbreathing,
petrification resistance, rot immunity, AC +4
a: Berserk, Trog's Hand, Brothers in Arms, Renounce Religion


You were in the Dungeon.
You worshipped Trog.
Trog was greatly pleased with you.
You were not hungry.

You visited 1 branch

Inventory:

Hand Weapons
 m - a +3 war axe of freezing (weapon)
Armour
 b - a +0 animal skin (worn)
Jewellery
 n - a +3 ring of strength (left hand)
 o - a +3 ring of strength (right hand)
Wands
 l - a wand of iceblast (10)
Scrolls
 i - 2 scrolls of blinking
 k - 3 scrolls of remove curse
Potions
 d - 5 potions of curing
 e - 3 potions of heal wounds
 f - a potion of haste
 g - 4 potions of magic
 h - a potion of berserk rage
 j - a potion of invisibility
Comestibles
 c - a ration


   Skills:
 + Level 9.4 Fighting
 + Level 8.3 Axes
 + Level 4.9 Armour
 + Level 4.5 Dodging


You had 5 spell levels left.
You didn't know any spells.
Your spell library was empty.

Dungeon Overview and Level Annotations

Branches:
Dungeon (1/1)

Altars:
Cheibriados
Dithmenos
Elyvilon
Fedhas
Gozag
Hepliaklqana
Kikubaaqudgha
Makhleb
Nemelex Xobeh
Okawaru
Qazlal
Ru
Sif Muna
Trog
Uskayaw
Vehumet
Wu Jian
Xom
Yredelemnul
Zin
The Shining One
Beogh
Jiyva
Lugonu


Innate Abilities, Weirdness & Mutations

You are resistant to torment.
Your stone body is resilient. (AC +4)
You are immune to poison.
You resist negative energy. (rN+)
You are resistant to electric shocks. (rElec)
You can survive without breathing.
You are immune to petrification.
You are immune to rotting.


Message History

The ice beast freezes you.
* * * LOW HITPOINT WARNING * * *
Unknown command.
You slice the ice beast!!
You kill the ice beast!
Trog accepts your kill.
Your Fighting skill increases to level 9!
Your Axes skill increases to level 8!
The water moccasin misses you.
Unknown command.
You slash the water moccasin!
The water moccasin seems to slow down.
You freeze the water moccasin.
The water moccasin is heavily wounded.
The water moccasin closely misses you. The water moccasin bites you.
* * * LOW HITPOINT WARNING * * *
You fail to use your ability.
The water moccasin misses you.
You fail to use your ability.
The water moccasin is no longer moving slowly.
The water moccasin barely misses you. The water moccasin bites you.
You die...

▓|▓
▓(▓
▓[▓
▓[▓
▓[▓
▓.▓
▓(▓
▓'▓
▓@▓
▓S▓
▓O▓
▓o▓
▓.▓
▓.▓
▓+▓


You could see a two-headed ogre, a water moccasin and an orc.

Vanquished Creatures
  An ice beast (D)
  An ogre (D)
  A centaur (D)
  A scorpion (D)
  A jelly (D)
  A leopard gecko (D)
  An orc (D)
  A goblin (D)
  A jackal (D)
  A frilled lizard (D)
  2 kobolds (D)
  A leopard gecko skeleton (D)
13 creatures vanquished.

Notes
Turn   | Place    | Note
-------+----------+-------------------------------------------
     0 | D        | Fang the Gargoyle Berserker began the quest for the Orb.
     0 | D        | Reached XP level 1. HP: 14/14 MP: 1/1
    17 | D        | Reached ** piety under Trog
    27 | D        | Reached skill level 4 in Fighting
   211 | D        | Noticed an ogre
   211 | D        | Noticed a jelly
   214 | D        | Reached XP level 2. HP: 20/20 MP: 2/2
   216 | D        | Reached *** piety under Trog
   222 | D        | Killed an ogre
   222 | D        | Reached skill level 6 in Fighting
   222 | D        | Reached skill level 5 in Axes
   222 | D        | Reached XP level 3. HP: 25/28 MP: 3/3
   222 | D        | Reached XP level 4. HP: 28/32 MP: 4/4
   224 | D        | Reached skill level 7 in Fighting
   224 | D        | Reached XP level 5. HP: 32/38 MP: 5/5
   352 | D        | Found a roughly hewn altar of Beogh.
   352 | D        | Found a snail-covered altar of Cheibriados.
   352 | D        | Found a shadowy altar of Dithmenos.
   352 | D        | Found a white marble altar of Elyvilon.
   352 | D        | Found a blossoming altar of Fedhas.
   352 | D        | Found an opulent altar of Gozag.
   353 | D        | Found a hazy altar of Hepliaklqana.
   354 | D        | Found a viscous altar of Jiyva.
   355 | D        | Found an ancient bone altar of Kikubaaqudgha.
   356 | D        | Found a corrupted altar of Lugonu.
   357 | D        | Found a burning altar of Makhleb.
   358 | D        | Found a sparkling altar of Nemelex Xobeh.
   359 | D        | Found an iron altar of Okawaru.
   360 | D        | Found a stormy altar of Qazlal.
   361 | D        | Found a sacrificial altar of Ru.
   362 | D        | Found a deep blue altar of Sif Muna.
   363 | D        | Found a bloodstained altar of Trog.
   364 | D        | Found a hide-covered altar of Uskayaw.
   365 | D        | Found a radiant altar of Vehumet.
   366 | D        | Found an ornate altar of the Wu Jian Council.
   367 | D        | Found a shimmering altar of Xom.
   368 | D        | Found a basalt altar of Yredelemnul.
   369 | D        | Found a glowing silver altar of Zin.
   370 | D        | Found a glowing golden altar of the Shining One.
   399 | D        | Noticed a centaur
   399 | D        | Noticed an ice beast
   399 | D        | Noticed a water moccasin
   399 | D        | Noticed a two-headed ogre
   403 | D        | Killed a centaur
   403 | D        | Reached **** piety under Trog
   403 | D        | Reached skill level 8 in Fighting
   406 | D        | Reached XP level 6. HP: 45/45 MP: 6/6
   414 | D        | Killed an ice beast
   414 | D        | Reached skill level 9 in Fighting
   417 | D        | Slain by a water moccasin

Vault maps used:
D:        linesprint

Skill      XL: |  1  2  3  4  5  6 |
---------------+-------------------+-----
Axes           | 3 5 6 7 8 |  8.3
Fighting       | 4 6 7 8 9 |  9.4
Dodging        | 3 4 |  4.5
Armour         | 3 4 |  4.9

Action                   |  1- 3 |  4- 6 || total
-------------------------+-------+-------++-------
Melee: Hand axe          |    31 |     2 ||    33
       War axe           |       |    13 ||    13
Invok: Berserk           |     1 |     1 ||     2
Armor: Animal skin       |     9 |     3 ||    12
Dodge: Dodged            |    15 |     9 ||    24

Table legend:
 A = Non-vault XP
 B = Vault XP
 C = Vault XP percentage of total XP
 D = Non-vault monster count
 E = Vault monster count
 F = Vault count percentage of total count
                 A         B        C        D         E       F
            +---------+---------+-------+---------+---------+-------
      Total |       0 |     483 | 100.0 |       0 |      13 | 100.0
            +---------+---------+-------+---------+---------+-------
          D |       0 |     483 | 100.0 |       0 |      13 | 100.0
            +---------+---------+-------+---------+---------+-------
